 Dungeon Crawl Stone Soup version 0.25-a0-424-g80bd347ae0 (webtiles) character file.

Game seed: 8628547567573419784, levelgen mode: deterministic

515 Batziy the Quickloader (level 7, 0/56 HPs)
             Began as a Minotaur Hunter on Jan 21, 2020.
             Was an Initiate of Okawaru.
             Succumbed to a hornet's poison
             ... on level 4 of the Dungeon.
             The game lasted 00:27:30 (3331 turns).

Batziy the Quickloader (Minotaur Hunter)            Turns: 3331, Time: 00:27:31

Health: 0/56       AC:  4    Str: 21    XL:     7   Next: 0%
Magic:  6/6        EV: 12    Int:  8    God:    Okawaru [......]
Gold:   155        SH:  0    Dex: 12    Spells: 6/6 levels left

rFire    . . .     SeeInvis .   a - +1 hand crossbow
rCold    . . .     Gourm    .   (no shield)
rNeg     . . .     Faith    .   c - +0 leather armour
rPois    .         Spirit   .   (helmet restricted)
rElec    .         Reflect  .   (no cloak)
rCorr    .         Harm     .   x - +0 pair of gloves
MR       .....                  (no boots)
Stlth    +.........             (no amulet)
HPRegen  0.18/turn              h - +4 ring of strength
MPRegen  0.10/turn              (no ring)

@: lethally poisoned (0 -> -3), slowed, very slow
A: retaliatory headbutt, horns 2
a: Renounce Religion


You were on level 4 of the Dungeon.
You worshipped Okawaru.
Okawaru was noncommittal.
You were not hungry.

You visited 1 branch of the dungeon, and saw 4 of its levels.

You collected 155 gold pieces.

Inventory:

Hand Weapons
 a - a +1 hand crossbow (weapon)
 b - a +0 short sword
Armour
 c - a +0 leather armour (worn)
 x - a +0 pair of gloves (worn)
Jewellery
 h - a +4 ring of strength (left hand)
 u - an uncursed amulet of regeneration {unknown}
Wands
 w - a wand of acid (8)
Scrolls
 e - a scroll of random uselessness {unknown}
 g - 3 scrolls of identify {unknown}
 j - a scroll of enchant weapon {unknown}
 m - a scroll of magic mapping {unknown}
 p - a scroll of remove curse {unknown}
 q - a scroll of fear {unknown}
 r - a scroll of amnesia {unknown}
 v - a scroll of enchant armour {unknown}
 y - a scroll of teleportation {unknown}
Potions
 i - a potion of ambrosia {unknown}
 k - 2 potions of heal wounds {unknown}
 l - 3 potions of brilliance {unknown}
 n - a potion of flight {unknown}
 o - 2 potions of curing {unknown}
 s - a potion of agility {unknown}
 t - a potion of lignification {unknown}
Comestibles
 f - 14 rations
 z - a chunk of flesh


   Skills:
 - Level 2.7 Fighting
 + Level 8.5 Crossbows
 - Level 2.0 Armour
 + Level 2.9 Dodging
 + Level 1.2 Stealth


You had 6 spell levels left.
You didn't know any spells.
Your spell library was empty.

Dungeon Overview and Level Annotations

Branches:
Dungeon (4/15)             Temple (0/1) D:4

Altars:
Ashenzari
Gozag
Nemelex Xobeh
Okawaru
Yredelemnul


Innate Abilities, Weirdness & Mutations

You reflexively headbutt those who attack you in melee.
You have a pair of horns on your head.


Message History

You shoot a bolt.
The bolt hits the hornet but does no damage.
The hornet is heavily wounded.
You feel yourself speed up. The hornet stings you!
You are poisoned.
You suddenly lose the ability to move!
The hornet stings you!
You shrug off the repeated paralysis!
You can move again.
You feel sick. The hornet misses you.
You feel sick.
You feel sick. The hornet closely misses you.
You feel sick. The hornet closely misses you. You furiously retaliate!
You headbutt the hornet, but do no damage.
The hornet barely misses you.
You feel sick.
You feel sick. The hornet closely misses you. The hornet stings you!
* * * LOW HITPOINT WARNING * * *
You feel yourself slow down.
You die...

.# #.# ###.# #........ .# #.#
#.# ..#.###.. .# #.## #.#
#.##... #...# #.# #.#.### #..
#.# ###..## ###.####.#
####....# ##.....##.#
#.......##
#.8...8.#.######.##.###.###
###.......#.@...........<....
......_...y.######.##.#######
###.......### # #.8...8.#
##.....## ###(### ..( ##.# #.


You could see a hornet.

Vanquished Creatures
  An ogre (D:4)
  4 orc wizards
  4 orc priests
  Ijyb (D:3)
  A worker ant (D:3)
  5 adders
  An ooze (D:1)
  An adder skeleton (D:4)
  A worm (D:2)
  3 dart slugs
  2 leopard geckos
  11 orcs
  3 ball pythons
  5 giant cockroaches
  5 goblins
  7 hobgoblins
  A quokka (D:3)
  4 bats
  3 frilled lizards (D:1)
  A jackal skeleton (D:4)
  10 kobolds
  A leopard gecko skeleton (D:4)
  8 rats
83 creatures vanquished.

Notes
Turn   | Place    | Note
-------+----------+-------------------------------------------
     0 | D:1      | Batziy the Minotaur Hunter began the quest for the Orb.
     0 | D:1      | Reached XP level 1. HP: 18/18 MP: 0/0
   109 | D:1      | Reached XP level 2. HP: 25/25 MP: 1/1
   146 | D:1      | Reached skill level 5 in Crossbows
   350 | D:1      | Reached skill level 1 in Armour
   506 | D:1      | Reached XP level 3. HP: 30/30 MP: 2/2
   930 | D:2      | Reached XP level 4. HP: 37/37 MP: 3/3
   937 | D:2      | Reached skill level 6 in Crossbows
   953 | D:2      | Reached XP level 5. HP: 24/42 MP: 4/4
  1491 | D:2      | Found a shattered altar of Ashenzari.
  1496 | D:2      | Found a basalt altar of Yredelemnul.
  1806 | D:3      | Reached skill level 1 in Stealth
  1807 | D:3      | Noticed Ijyb
  1810 | D:3      | Reached skill level 7 in Crossbows
  1819 | D:3      | Killed Ijyb
  1946 | D:3      | Found an iron altar of Okawaru.
  1963 | D:3      | Reached XP level 6. HP: 50/50 MP: 5/5
  2320 | D:3      | Found a glowing drain.
  2766 | D:3      | Became a worshipper of Warmaster Okawaru
  2917 | D:4      | Found a shattered altar of Ashenzari.
  2928 | D:4      | Reached skill level 8 in Crossbows
  3106 | D:4      | Found a sparkling altar of Nemelex Xobeh.
  3125 | D:4      | Reached XP level 7. HP: 51/56 MP: 6/6
  3173 | D:4      | Found a staircase to the Ecumenical Temple.
  3311 | D:4      | Found an opulent altar of Gozag.
  3317 | D:4      | Noticed a hornet
  3322 | D:4      | Paralysed by a hornet for 1 turns
  3330 | D:4      | HP: 1/56 [hornet (14)]
  3331 | D:4      | Succumbed to a hornet's poison

Levels and vault maps discovered:
D:1:      eino_arrival_water_star, layout_basic, corner_web_ring
D:2:      layout_basic, nicolae_overflow_hidden_temple
D:3:      corexii_shack_village, layout_loops_ring, lemuel_crystal_altar,
          portal_sewer_entry_b, minmay_unequal, uniq_ijyb
D:4:      layout_loops_ring, nemelex_xobeh_ov_fountains_minmay,
          grunt_gozag_statues, minmay_temple_entry_poolview, first_ration,
          cheibrodos_ashenzari_chains

Skill      XL: |  1  2  3  4  5  6 |
---------------+-------------------+-----
Crossbows      | 5 6 7 8 |  8.5
Armour         | 1 2 |  2.0
Stealth        | 1 |  1.2
Fighting       | |  2.7
Dodging        | |  2.9

Action                   |  1- 3 |  4- 6 |  7- 9 || total
-------------------------+-------+-------+-------++-------
Melee: Hand crossbow     |       |     3 |       ||     3
 Fire: Hand crossbow     |    62 |   144 |     7 ||   213
  Eat: Chunk             |       |     6 |     1 ||     7
Armor: Leather armour    |     2 |     8 |       ||    10
Dodge: Dodged            |    13 |    37 |     5 ||    55

Table legend:
 A = Non-vault XP
 B = Vault XP
 C = Vault XP percentage of total XP
 D = Non-vault monster count
 E = Vault monster count
 F = Vault count percentage of total count
                 A         B        C        D         E       F
            +---------+---------+-------+---------+---------+-------
      Total |     680 |      57 |   7.7 |      71 |      12 |  14.5
            +---------+---------+-------+---------+---------+-------
        D:1 |      47 |       0 |   0.0 |      24 |       0 |   0.0
        D:2 |     175 |       0 |   0.0 |      16 |       0 |   0.0
        D:3 |     272 |      57 |  17.3 |      22 |      12 |  35.3
        D:4 |     186 |       0 |   0.0 |       9 |       0 |   0.0
            +---------+---------+-------+---------+---------+-------
